 Dungeon Crawl Stone Soup version 0.22-a0-348-gd16d139 (webtiles) character file.

50608 tilp the Frost Mage (level 14, -11/110 HPs)
             Began as a Merfolk Ice Elementalist on Apr 8, 2018.
             Was a Priest of Makhleb.
             Mangled by a very large slime creature (54 damage)
             ... on level 12 of the Dungeon on Apr 9, 2018.
             The game lasted 02:09:23 (34456 turns).

tilp the Frost Mage (Merfolk Ice Elementalist)     Turns: 34456, Time: 02:09:24

Health: -11/110    AC: 26    Str: 10    XL:     14   Next: 56%
Magic:  4/26       EV: 22    Int: 18    God:    Makhleb [***...]
Gold:   1866       SH:  0    Dex: 14    Spells: 10/29 levels left

rFire    + . .     SeeInvis .   a - +2 dagger (elec)
rCold    + . .     Gourm    .   (no shield)
rNeg     . . .     Faith    +   T - +2 robe {rC+ rF+}
rPois    +         Spirit   .   x - +2 helmet
rElec    .         Reflect  .   y - +1 cloak
rCorr    +         Harm     .   Y - +0 pair of gloves of Zin's Fury {rPois rCorr Stlth+}
MR       +....                  I - +2 pair of boots
Stlth    ++++......             P - amulet of faith
HPRegen  0.28/turn              A - +3 ring of evasion
MPRegen  0.20/turn              R - +5 ring of protection

@: icy armour
A: change form in water, swift swim, stealthy swim
a: Minor Destruction, Lesser Servant of Makhleb, Renounce Religion


You were on level 12 of the Dungeon.
You worshipped Makhleb.
Makhleb was most pleased with you.
You were very hungry.

You visited 3 branches of the dungeon, and saw 20 of its levels.
You also visited: Labyrinth and Sewer.

You collected 2049 gold pieces.
You spent 183 gold pieces at shops.

Inventory:

Hand Weapons
 a - a +2 dagger of electrocution (weapon)
 f - a +2 halberd of flaming
 k - a +0 glaive
 F - a +3 halberd
Missiles
 e - 25 javelins of returning (quivered)
Armour
 i - the +2 ring mail "Tiommiun" {rN+ Int+3 SInv}
   (You found it on level 1 of the Lair of Beasts)

   It affects your intelligence (+3).
   It protects you from negative energy.
   It lets you see invisible.
 u - a +0 pair of gloves
 x - a +2 helmet (worn)
 y - a +1 cloak (worn)
 I - a +2 pair of boots (worn)
 S - +0 fire dragon scales
 T - a +2 robe of resistance (worn)
 Y - the +0 pair of gloves of Zin's Fury (worn) {rPois rCorr Stlth+}
   (You found it on level 12 of the Dungeon)

   It protects you from poison.
   It protects you from acid and corrosion.
   It makes you more stealthy.
Jewellery
 b - a +1 ring of slaying {unknown}
 s - an uncursed ring of wizardry
 A - a +3 ring of evasion (left hand)
 L - an uncursed ring of see invisible
 P - an amulet of faith (around neck)
 R - a +5 ring of protection (right hand)
 W - an uncursed amulet of regeneration {unknown}
Wands
 w - a wand of disintegration (10)
 B - a wand of digging (19)
 D - a wand of scattershot (5)
 G - a wand of paralysis (29)
 K - a wand of acid (21)
 V - a wand of iceblast (6)
Scrolls
 d - 2 scrolls of magic mapping
 g - a scroll of identify
 h - 5 scrolls of remove curse
 m - 8 scrolls of teleportation
 r - 4 scrolls of fear
 C - a scroll of enchant weapon {unknown}
 E - 2 scrolls of fog
 H - 2 scrolls of blinking
 O - a scroll of silence
 X - 4 scrolls of amnesia
Potions
 j - 15 potions of curing
 l - 3 potions of haste
 o - 3 potions of heal wounds
 p - 2 potions of agility
 t - a potion of invisibility
 v - 4 potions of flight
 z - a potion of ambrosia
 J - 2 potions of mutation
 M - 3 potions of brilliance
 U - a potion of cancellation
 Z - 2 potions of might
Miscellaneous
 n - a phial of floods
 N - a lightning rod (4/4)
 Q - a phantom mirror
Comestibles
 c - 5 rations
 q - 4 chunks of flesh


   Skills:
 - Level 10.0 Fighting
 + Level 13.6 Polearms
 - Level 11.0 Dodging
 - Level 4.0 Stealth
 - Level 8.0 Spellcasting
 - Level 4.0 Conjurations
 - Level 7.0 Charms
 - Level 2.4 Fire Magic
 - Level 14.0 Ice Magic
 - Level 6.1 Invocations
 - Level 6.0 Evocations


You had 10 spell levels left.
You knew the following spells:

 Your Spells              Type           Power        Failure   Level  Hunger
a - Freeze                Ice            ####         1%          1    None
b - Throw Frost           Conj/Ice       #####.       1%          2    None
c - Ozocubu's Armour      Chrm/Ice       #####...     1%          3    #......
d - Throw Icicle          Conj/Ice       #####...     2%          4    ###....
e - Conjure Flame         Conj/Fire      ###.....     8%          3    #......
f - Blink                 Tloc           N/A          14%         2    None
g - Ensorcelled Hibernat  Hex/Ice        ####..       1%          2    None
h - Apportation           Tloc           #.....       10%         1    None
i - Summon Small Mammal   Summ           #...         10%         1    None


Dungeon Overview and Level Annotations

Branches:
Dungeon (12/15)            Temple (0/1) D:7            Lair (6/6) D:8
 Shoals (0/4) Lair:4       Spider (0/4) Lair:2        Slime (0/5) Lair:5
    Orc (2/2) D:11            Elf (0/3) Orc:2

Altars:
Ashenzari
Elyvilon
Fedhas
Hepliaklqana
Nemelex Xobeh
Jiyva

Shops:
Orc:1 ?   Orc:2 :[[*

Annotations:
Lair:2 Fannar, Gastronok
Lair:4 exclusion: door
Lair:5 1 runed door
Lair:6 Rupert


Message History

A film of ice covers your body!
The very large slime creature is engulfed in blazing flames.
The very large slime creature hits you!!
Casting: Ozocubu's Armour (safe; 1% risk of failure)
Confirm with . or Enter, or press ? or * to list all spells.
Aiming: Throw Icicle (safe; 2% risk of failure)
Press: ? - help, Shift-Dir - straight line, f/p - very large slime creature
Aim: a very large slime creature (almost dead)
The shard of ice hits the very large slime creature.
The very large slime creature is almost dead.
The very large slime creature hits you.
Casting: Throw Icicle (safe; 2% risk of failure)
Confirm with . or Enter, or press ? or * to list all spells.
Aiming: Throw Icicle (safe; 2% risk of failure)
Press: ? - help, Shift-Dir - straight line, f/p - very large slime creature
Aim: a very large slime creature (almost dead)
The shard of ice hits the very large slime creature.
The very large slime creature is almost dead.
The very large slime creature hits you!!!
You die...

#+## .##########..#
...........#.## ############
.........?.#..# #..........#
...........##.####..........#
...........J@....'...........
#..........###.###..........#
#..........# #.# #..........#
#..........# #.. #.........)#
#..........# ##.##..........#
#..........# .#####'#######
..........# .. #.# #
.......... .. #.# #
#########. ... #.# #


You could see a very large slime creature.

Vanquished Creatures
  A minotaur (Lab)
  5 hydras
  Erica (D:10)
  2 two-headed ogres (D:10)
  A deep troll shaman (Lair:6)
  Urug (D:10)
  7 death yaks
  An unseen horror (D:10)
  A lindwurm (Lair:6)
  An orb spider (Lair:2)
  An orc knight (Orc:2)
  A manticore (D:12)
  An orc sorcerer (Orc:2)
  The ghost of CasualChangeling the Covered, a novice TeFi of Okawaru (D:6)
  9 elephants
  3 gargoyles
  A centaur skeleton (D:11)
  A black mamba (Lair:6)
  A minotaur zombie (Lab)
  9 spiny frogs
  7 komodo dragons
  3 trolls
  6 polar bears
  2 slime creatures (D:12)
  10 blink frogs
  A meliai zombie (D:11)
  12 hippogriffs
  16 yaks
  A wyvern (Lair:5)
  4 wraiths (Orc:1)
  A shadow (D:11)
  Eustachio (D:5)
  A hungry ghost (D:9)
  Edmund (D:4)
  3 wargs
  6 porcupines
  4 water moccasins
  15 orc warriors
  2 ice beasts
  4 black bears (Lair:3)
  5 necrophages
  4 sky beasts
  A phantom (D:7)
  5 ogres
  9 wolves (Lair:6)
  16 crocodiles
  2 big kobolds
  A gnoll sergeant (D:7)
  12 bullfrogs
  A wyvern zombie (D:11)
  4 scorpions
  9 killer bees (D:11)
  5 howler monkeys
  A crimson imp (D:11)
  2 centaur zombies
  5 jellies
  A quasit (Sewer)
  7 hounds
  Crazy Yiuf (D:7)
  19 orc priests
  21 orc wizards
  Jessica (D:2)
  Ijyb (D:5)
  5 iguanas
  Natasha (twice) (D:3)
  9 worker ants
  3 big kobold zombies (Sewer)
  2 hound zombies
  A hound skeleton (D:4)
  2 howler monkey zombies
  A worker ant zombie (D:3)
  11 gnolls
  18 adders
  8 shadow imps
  An ufetubus (Sewer)
  2 oozes
  An adder zombie (D:9)
  2 adder skeletons
  2 dart slugs (D:1)
  3 worms (D:2)
  4 leopard geckos
  54 orcs
  6 bats
  3 giant cockroaches
  6 goblins
  10 hobgoblins
  4 jackals (D:1)
  2 quokkas
  2 ball pythons (D:3)
  A ball python zombie (D:3)
  4 frilled lizards
  25 kobolds
  2 kobold zombies (Sewer)
  A quokka zombie (D:7)
  5 rats
  A withered plant (D:3)
485 creatures vanquished.

Vanquished Creatures (collateral kills)
  The ghost of Eptagon the Fighter, a journeyman OgBe of Trog (D:11)
  Snorg (D:11)
  Josephine (Orc:1)
  A catoblepas (Lair:6)
  A two-headed ogre (Orc:1)
  2 death yaks (Lair:6)
  3 orc high priests (Orc:2)
  3 orc knights (Orc:2)
  4 orc sorcerers
  A minotaur zombie (Lab)
  A gargoyle (D:11)
  2 rime drakes (D:11)
  A komodo dragon (Lair:4)
  A polar bear (Lair:6)
  2 basilisks
  4 orc warriors
  2 wolves (Lair:5)
  An ogre (D:11)
  A hound (D:11)
  2 orc priests (Orc:2)
  2 orc wizards (Orc:2)
  3 orcs (D:11)
  A fungus (Lair:4)
41 creatures vanquished.

Vanquished Creatures (others)
  A necrophage (Lair:5)
  2 oozes (Sewer)
  A kobold zombie (Sewer)
  A bush (Lair:6)
  20 fungi
  14 plants
39 creatures vanquished.

Grand Total: 565 creatures vanquished

Notes
Turn   | Place    | Note
-------+----------+-------------------------------------------
     0 | D:1      | tilp the Merfolk Ice Elementalist began the quest for the Orb.
     0 | D:1      | Reached XP level 1. HP: 13/13 MP: 3/3
   297 | D:1      | Reached skill level 4 in Ice Magic
   297 | D:1      | Reached XP level 2. HP: 19/19 MP: 5/5
   325 | D:1      | Learned a level 2 spell: Throw Frost
   839 | D:1      | Reached XP level 3. HP: 20/24 MP: 3/6
   954 | D:1      | Learned a level 3 spell: Ozocubu's Armour
  1232 | D:2      | Reached skill level 5 in Ice Magic
  1430 | D:2      | Reached XP level 4. HP: 27/30 MP: 0/7
  2462 | D:2      | Noticed Jessica
  2507 | D:2      | Reached skill level 6 in Ice Magic
  2846 | D:2      | Found a shattered altar of Ashenzari.
  2889 | D:2      | Reached XP level 5. HP: 32/35 MP: 4/8
  3078 | D:2      | Found a hazy altar of Hepliaklqana.
  3227 | D:2      | Killed Jessica
  3581 | D:3      | Reached skill level 7 in Ice Magic
  4143 | D:3      | Reached skill level 1 in Fighting
  4143 | D:3      | Reached XP level 6. HP: 41/43 MP: 3/9
  4479 | D:3      | Noticed Natasha
  4515 | D:3      | Killed Natasha
  5087 | D:3      | Noticed Natasha
  5093 | D:3      | Killed Natasha
  5612 | D:4      | Reached XP level 7. HP: 27/52 MP: 8/10
  6030 | D:4      | Reached skill level 5 in Dodging
  6139 | D:4      | Noticed Edmund
  6736 | D:5      | Entered Level 5 of the Dungeon
  6739 | D:5      | Noticed Eustachio
  6767 | D:5      | Found a glowing drain.
  6778 | Sewer    | Entered a sewer
  7222 | Sewer    | Found a burning altar of Makhleb.
  7338 | Sewer    | Became a worshipper of Makhleb the Destroyer
  7465 | Sewer    | Reached XP level 8. HP: 45/58 MP: 4/13
  7532 | Sewer    | Noticed Grinder
  7557 | Sewer    | Paralysed by Grinder for 4 turns
  7731 | D:5      | Noticed Ijyb
  8070 | D:5      | Reached skill level 1 in Charms
  8647 | D:5      | Killed Eustachio
  8948 | D:6      | Noticed CasualChangeling's ghost (novice TeFi)
  8957 | D:6      | Reached skill level 1 in Invocations
  9119 | D:6      | Killed CasualChangeling's ghost
  9119 | D:6      | Reached * piety under Makhleb
  9280 | D:6      | Reached skill level 5 in Invocations
  9337 | D:6      | Reached XP level 9. HP: 55/62 MP: 10/15
  9502 | D:6      | Found a white marble altar of Elyvilon.
 10143 | D:6      | Learned a level 2 spell: Blink
 10147 | D:6      | Learned a level 3 spell: Conjure Flame
 10152 | D:6      | Learned a level 4 spell: Throw Icicle
 10524 | D:7      | Found a sparkling altar of Nemelex Xobeh.
 10724 | D:7      | Found a staircase to the Ecumenical Temple.
 11447 | D:7      | Found a runed door.
 11451 | D:7      | Noticed Crazy Yiuf
 11456 | D:7      | Killed Crazy Yiuf
 11494 | D:7      | Reached skill level 8 in Ice Magic
 11956 | D:8      | Reached ** piety under Makhleb
 12259 | D:7      | Reached skill level 9 in Ice Magic
 12899 | D:8      | Reached skill level 10 in Ice Magic
 12990 | D:8      | Reached skill level 1 in Evocations
 12990 | D:8      | Reached XP level 10. HP: 69/69 MP: 4/16
 13110 | D:8      | Found a staircase to the Lair.
 14600 | D:10     | Entered Level 10 of the Dungeon
 14600 | D:10     | Noticed Urug
 14600 | D:10     | Noticed Erica
 14619 | D:10     | Noticed a two-headed ogre
 14620 | D:10     | Noticed a gargoyle
 14747 | D:10     | Reached skill level 5 in Charms
 14770 | D:10     | Reached *** piety under Makhleb
 15012 | D:4      | Killed Edmund
 15143 | D:5      | Killed Ijyb
 15340 | D:5      | Found a blossoming altar of Fedhas.
 15443 | Lair:1   | Entered Level 1 of the Lair of Beasts
 15551 | Lair:1   | Noticed a spiny frog
 15568 | Lair:1   | Killed a spiny frog
 15682 | Lair:1   | Reached skill level 1 in Fire Magic
 16115 | Lair:1   | Got a dazzling ring mail
 16233 | Lair:1   | Reached XP level 11. HP: 72/77 MP: 12/17
 16481 | Lair:1   | Got an ancient shortbow
 17010 | Lair:1   | Reached skill level 5 in Fighting
 17405 | Lair:2   | Reached skill level 5 in Spellcasting
 17623 | Lair:2   | Noticed Fannar
 17775 | Lair:2   | Noticed Gastronok
 17856 | Lair:2   | Found a hole to the Spider Nest.
 17856 | Lair:2   | Noticed an orb spider
 17875 | Lair:2   | Killed an orb spider
 18378 | Lair:3   | Reached skill level 11 in Ice Magic
 18384 | Lair:3   | Found a labyrinth entrance.
 18407 | Lab      | Entered a labyrinth
 18531 | Lab      | Noticed a minotaur
 18941 | Lab      | Killed a minotaur
 18948 | Lab      | Identified Uraplotz's Volume of Clay and Orientation
 19459 | Lair:3   | Identified the +8 shortbow of Fragile Peace {flame, Stlth+} (You found it on level 1 of the Lair of Beasts)
 19470 | Lair:3   | Identified the +2 ring mail "Tiommiun" {rN+ Int+3 SInv} (You found it on level 1 of the Lair of Beasts)
 19883 | Lair:3   | Reached skill level 12 in Ice Magic
 21066 | Lair:3   | Reached XP level 12. HP: 87/87 MP: 8/21
 21070 | Lair:3   | Learned a level 2 spell: Ensorcelled Hibernation
 21072 | Lair:3   | Learned a level 1 spell: Apportation
 21074 | Lair:3   | Learned a level 1 spell: Summon Small Mammal
 22140 | Lair:4   | Found a staircase to the Shoals.
 22168 | Lair:5   | Noticed a seven-headed hydra
 22176 | Lair:5   | Killed a seven-headed hydra
 22176 | Lair:5   | Reached skill level 10 in Dodging
 22296 | Lair:5   | Noticed a five-headed hydra
 22305 | Lair:5   | Killed a five-headed hydra
 22524 | Lair:5   | Noticed a four-headed hydra
 22535 | Lair:5   | Killed a four-headed hydra
 22706 | Lair:5   | Reached skill level 5 in Evocations
 22838 | Lair:5   | Found a runed door.
 22841 | Lair:5   | Found a viscous altar of Jiyva.
 22842 | Lair:5   | Found a staircase to the Slime Pits.
 23045 | Lair:5   | Noticed a death yak
 23048 | Lair:5   | Noticed a death yak
 23048 | Lair:5   | Noticed a death yak
 23109 | Lair:5   | Killed a death yak
 23116 | Lair:5   | Killed a death yak
 23803 | Lair:5   | Noticed a death yak
 23803 | Lair:5   | Noticed a death yak
 23808 | Lair:5   | Noticed a death yak
 23831 | Lair:5   | Killed a death yak
 23885 | Lair:4   | Killed a death yak
 24181 | Lair:5   | Killed a death yak
 24181 | Lair:5   | Reached skill level 13 in Ice Magic
 24181 | Lair:5   | Reached XP level 13. HP: 49/98 MP: 0/22
 25034 | D:10     | Killed Erica
 25205 | D:10     | Reached skill level 14 in Ice Magic
 25505 | D:10     | Killed Urug
 25643 | D:10     | Reached **** piety under Makhleb
 26247 | D:11     | Found a staircase to the Orcish Mines.
 26281 | D:11     | Noticed Eptagon's ghost (journeyman OgBe)
 27301 | Orc:1    | Entered Level 1 of the Orcish Mines
 27860 | Orc:1    | Found Aplaji's Magic Scroll Shop.
 28313 | Orc:1    | Noticed Snorg
 28322 | Orc:1    | Noticed Josephine
 28360 | D:11     | Killed Snorg
 28538 | Orc:1    | Killed Josephine
 28544 | Orc:1    | Reached skill level 10 in Fighting
 28548 | Orc:1    | Reached skill level 1 in Polearms
 28773 | Orc:1    | Bought a scroll of identify for 26 gold pieces
 28773 | Orc:1    | Bought a scroll of immolation for 45 gold pieces
 28773 | Orc:1    | Bought a scroll of identify for 26 gold pieces
 28773 | Orc:1    | Bought a scroll of identify for 26 gold pieces
 28971 | Orc:2    | Entered Level 2 of the Orcish Mines
 29179 | Orc:2    | Found a staircase to the Elven Halls.
 30477 | Orc:2    | Reached skill level 5 in Polearms
 30819 | Orc:2    | Reached XP level 14. HP: 93/110 MP: 5/26
 31137 | Orc:2    | Found Ireur's General Store.
 31145 | Orc:2    | Found Pibu's Armour Shoppe.
 31173 | Orc:2    | Found Hocobi Ciwne's Armour Shop.
 31177 | Orc:2    | Found Lomi's Book Shoppe.
 31203 | Orc:2    | Bought a scroll of identify for 30 gold pieces
 31203 | Orc:2    | Bought a scroll of identify for 30 gold pieces
 31390 | Lair:6   | Entered Level 6 of the Lair of Beasts
 31643 | Lair:6   | Noticed Rupert
 31651 | Lair:6   | Paralysed by Rupert for 3 turns
 31661 | Lair:6   | Paralysed by Rupert for 5 turns
 31774 | Lair:6   | Reached skill level 10 in Polearms
 32347 | Lair:6   | Paralysed by Rupert for 3 turns
 32351 | Lair:6   | Paralysed by Rupert for 6 turns
 33781 | D:11     | Killed Eptagon's ghost
 33925 | D:12     | Got a pair of jewelled gloves
 33936 | D:12     | Identified the +0 pair of gloves of Zin's Fury {rPois rCorr Stlth+} (You found it on level 12 of the Dungeon)
 34456 | D:12     | Mangled by a very large slime creature

Vault maps used:
D:1:      dpeg_arrival_chambers_temple_mockup
D:2:      lemuel_crystal_altar, marbit_many_paths, uniq_jessica
D:3:      serial_undead, serial_undead_b, serial_undead_a, serial_undead_a,
          serial_undead_c, minmay_shallow_snake_nest, uniq_natasha
D:4:      cheibrodos_greedy_goblins, first_ration, uniq_edmund
D:5:      lemuel_upstairs_altar, portal_sewer_entry_d, minivault_5, uniq_ijyb,
          uniq_eustachio
D:6:      kennysheep_mini
D:7:      overflow_temple_1_default, minmay_temple_entry_overgrown,
          uniq_crazy_yiuf_cottage
D:8:      erik_lair_orcish_takeover
D:10:     uniq_urug, uniq_erica
D:11:     orc_0_dummy, portal_ice_cave_rime
D:12:     serial_glass, glass_columns_a, glass_columns_a
Lair:2:   nicolae_spider_entry_orb_guardian, uniq_gastronok, uniq_fannar
Lair:3:   beast_lair_carwin_large_1, lab_entry_generic
Lair:4:   minmay_shoals_entry_hut, nicolae_quartered_pool_medium
Lair:5:   slime_altar_2, roderic_carrion_pond
Lair:6:   grunt_lair_end_beastmaster, bobbens_ice_dragon_lair,
          grunt_megastairs_4, infiniplex_staircase_pool_2, uniq_rupert
Orc:1:    serial_shops, shop, uniq_snorg, uniq_josephine
Orc:2:    st_orc_elflike
Lab:      labyrinth_hidden_loot
Sewer:    kennysheep_sewer_church

Skill      XL: |  1  2  3  4  5  6  7  8  9 10 11 12 13 14 |
---------------+-------------------------------------------+-----
Ice Magic      | 4 5 6 7 10 12 13 14 | 14.0
Fighting       | 1 3 4 5 8 10 | 10.0
Dodging        | 4 5 8 11 | 11.0
Stealth        | 4 |  4.0
Spellcasting   | 3 4 6 8 |  8.0
Charms         | 2 5 7 |  7.0
Conjurations   | 2 4 |  4.0
Invocations    | 5 6 |  6.1
Evocations     | 1 4 6 |  6.0
Fire Magic     | 2 |  2.4
Polearms       | 7 13 | 13.6

Action                   |  1- 3 |  4- 6 |  7- 9 | 10-12 | 13-15 || total
-------------------------+-------+-------+-------+-------+-------++-------
Melee: Whip              |    44 |    12 |       |       |       ||    56
       Dagger            |       |    83 |   381 |   453 |   559 ||  1476
       Spear             |       |     2 |       |       |       ||     2
       Tailslap          |       |       |     2 |       |       ||     2
 Fire: Hunting sling     |       |    35 |       |       |       ||    35
Throw: Stone             |    14 |    15 |    10 |       |       ||    39
       Tomahawk          |       |       |     6 |     7 |       ||    13
       Javelin           |       |       |       |     7 |    54 ||    61
 Cast: Freeze            |    31 |    50 |   130 |   153 |   179 ||   543
       Ozocubu's Armour  |     3 |    17 |    49 |    80 |    94 ||   243
       Throw Frost       |       |     1 |    39 |    24 |    21 ||    85
       Conjure Flame     |       |       |       |    62 |    50 ||   112
       Throw Icicle      |       |       |       |    21 |   106 ||   127
       Blink             |       |       |       |     1 |       ||     1
Invok: Minor Destruction |       |       |     1 |     4 |     4 ||     9
       Lesser Servant of |       |       |       |    18 |    38 ||    56
Evoke: Wand              |       |       |       |     1 |     3 ||     4
  Use: Scroll            |     3 |       |     3 |    15 |    16 ||    37
       Potion            |       |     1 |       |     3 |     2 ||     6
 Stab: Sleeping          |     1 |       |     8 |     3 |     5 ||    17
       Distracted        |       |       |       |     4 |     2 ||     6
  Eat: Chunk             |     3 |    14 |    26 |    41 |    35 ||   119
       Ration            |       |     1 |     3 |     3 |     3 ||    10
Armor: Robe              |     8 |    27 |    82 |   182 |   304 ||   603
       Ring mail         |       |       |       |    15 |       ||    15
Dodge: Dodged            |    50 |    77 |   389 |   526 |  1015 ||  2057

Table legend:
 A = Spawn XP
 B = Non-spawn XP
 C = Spawn XP percentage of total XP
 D = Spawn monster count
 E = Non-spawn monster count
 F = Spawn count percentage of total count
 G = Total turns spent on level
                    A         B        C        D         E        F      G
               +---------+---------+-------+---------+---------+-------+---------
         Total |       0 |   72298 |   0.0 |       0 |     524 |   0.0 | 34456
               +---------+---------+-------+---------+---------+-------+---------
           D:1 |       0 |      37 |   0.0 |       0 |      20 |   0.0 |   956
           D:2 |       0 |     217 |   0.0 |       0 |      24 |   0.0 |  2494
           D:3 |       0 |     235 |   0.0 |       0 |      19 |   0.0 |  1992
           D:4 |       0 |     697 |   0.0 |       0 |      28 |   0.0 |  1698
           D:5 |       0 |     549 |   0.0 |       0 |      12 |   0.0 |  1432
           D:6 |       0 |     775 |   0.0 |       0 |      15 |   0.0 |  1672
           D:7 |       0 |    1499 |   0.0 |       0 |      34 |   0.0 |  2164
           D:8 |       0 |     914 |   0.0 |       0 |      21 |   0.0 |  1113
           D:9 |       0 |    1580 |   0.0 |       0 |      25 |   0.0 |  1088
          D:10 |       0 |    6410 |   0.0 |       0 |      25 |   0.0 |  1425
          D:11 |       0 |    6862 |   0.0 |       0 |      53 |   0.0 |  2012
          D:12 |       0 |    1490 |   0.0 |       0 |       9 |   0.0 |   573
        Lair:1 |       0 |    2786 |   0.0 |       0 |      12 |   0.0 |  1832
        Lair:2 |       0 |    3538 |   0.0 |       0 |      12 |   0.0 |  1241
        Lair:3 |       0 |    3618 |   0.0 |       0 |      19 |   0.0 |  1788
        Lair:4 |       0 |    2366 |   0.0 |       0 |       8 |   0.0 |  1503
        Lair:5 |       0 |   12643 |   0.0 |       0 |      34 |   0.0 |  2164
        Lair:6 |       0 |   14719 |   0.0 |       0 |      49 |   0.0 |  2061
         Orc:1 |       0 |    3870 |   0.0 |       0 |      28 |   0.0 |  1691
         Orc:2 |       0 |    5834 |   0.0 |       0 |      39 |   0.0 |  1731
           Lab |       0 |    1317 |   0.0 |       0 |       3 |   0.0 |  1030
         Sewer |       0 |     342 |   0.0 |       0 |      35 |   0.0 |   796
               +---------+---------+-------+---------+---------+-------+---------
